AoeStats
← 风暴浩然

Black Forest

507700338Analyzed
3v3 RM · 14d ago on Sep 19, 2026· 60m 26s· 6 players
Game mode
Random Map
Map size
Normal (6 player)
Population
200
Speed
Normal
Resources
Standard
Victory
Conquest
Starting age
Dark Age
Ending age
Imperial Age
RankedLock teamsTeams togetherTeam positionsShared explorationLock speedFull tech treeHidden civsTurbo modeCheats
Victory
Defeat
🇩🇪 Mongols · Germany
977
+14
🇳🇱 Britons · Netherlands
950
+15
🇪🇸 Mapuche · Spain
911
+17
939
-16
🇨🇳 Cumans · China
932
-15
🇭🇰 Persians · Hong Kong SAR China
924
-15
风暴戴
1:50 Loom
18:08 Feudal Age
25:07 Castle Age
23:42 Double-Bit Axe
24:31 Horse Collar
26:15 Bow Saw
26:08 Heavy Plow
32:25 Wheelbarrow
31:36 Town Watch
33:13 Hand Cart
33:08 Town Watch
40:09 Imperial Age
38:45 Husbandry
38:56 Bloodlines
39:27 Forging
39:23 Scale Barding Armor
39:42 Gold Mining
39:43 Stone Mining
41:07 Crop Rotation
41:40 Two-Man Saw
42:09 Chemistry
41:46 Elite War Elephant
44:07 Gold Shaft Mining
44:07 Stone Shaft Mining
43:27 Elite War Elephant
44:28 Conscription
46:17 Kamandaran
48:05 Iron Casting
47:51 Chain Barding Armor
49:17 Town Patrol
52:03 Cavalier
52:09 Light Cavalry
53:08 Hussar
58:15 Plate Barding Armor
58:43 Blast Furnace
58:31 Heavy Scorpion
风暴浩然
2:05 Loom
12:56 Feudal Age
14:58 Horse Collar
15:38 Double-Bit Axe
25:50 Castle Age
24:26 Wheelbarrow
23:42 Town Watch
23:54 Stone Mining
25:06 Gold Mining
26:47 Bow Saw
28:29 Heavy Plow
34:38 Imperial Age
32:28 Town Patrol
33:53 Bloodlines
34:14 Hand Cart
34:42 Steppe Husbandry
37:09 Scale Barding Armor
37:15 Forging
37:06 Scale Mail Armor
38:22 Cavalier
40:11 Gold Shaft Mining
40:02 Chain Barding Armor
39:09 Light Cavalry
40:59 Caravan
41:30 Coinage
41:21 Cuman Mercenaries
41:43 Paladin
42:12 Elite Skirmisher
43:24 Fletching
44:10 Plate Barding Armor
43:50 Chain Mail Armor
43:36 Padded Archer Armor
44:04 Ballistics
43:55 Masonry
44:19 Conscription
44:47 Crop Rotation
45:59 Two-Man Saw
46:14 Hoardings
46:23 Squires
47:22 Banking
47:02 Guilds
47:50 Thumb Ring
52:09 Chemistry
54:12 Murder Holes
55:26 Iron Casting
55:15 Leather Archer Armor
开局投降是歹人
0:31 Loom
12:52 Feudal Age
13:24 Double-Bit Axe
14:07 Horse Collar
22:21 Castle Age
22:00 Stone Mining
22:35 Pikeman
38:05 Fletching
42:57 Bodkin Arrow
43:50 Wheelbarrow
48:21 Imperial Age
46:28 Scale Barding Armor
46:33 Forging
47:24 Wheelbarrow
47:18 Bow Saw
47:19 Guard Tower
48:16 Svan Towers
48:51 Murder Holes
50:40 Elite Monaspa
51:49 Gold Mining
52:47 Forging
52:49 Arrowslits
53:59 Chain Barding Armor
54:38 Guilds
55:09 Keep
54:56 Ballistics
55:58 Plate Barding Armor
55:58 Iron Casting
56:06 Bracer
57:52 Hoardings
58:23 Chemistry
57:34 Masonry
58:36 Fortified Wall
59:09 Bloodlines
59:00 Husbandry
60:50 Hand Cart
sfdejonge
1:39 Loom
17:29 Feudal Age
24:12 Castle Age
22:28 Double-Bit Axe
23:23 Horse Collar
24:45 Wheelbarrow
24:19 Stone Mining
24:26 Fishing Lines
27:57 Bow Saw
30:06 Fletching
31:20 Hand Cart
32:09 Bodkin Arrow
32:58 Heavy Plow
32:59 Gold Mining
32:52 Pikeman
33:29 Town Watch
34:55 Gold Shaft Mining
38:29 Imperial Age
36:47 Padded Archer Armor
36:48 Scale Mail Armor
37:55 Yeomen
37:49 Squires
39:10 Forging
39:16 Chain Mail Armor
39:34 Halberdier
41:31 Masonry
41:32 Fortified Wall
41:47 Elite Longbowman
42:44 Leather Archer Armor
43:08 Plate Mail Armor
43:21 Warwolf
44:30 Chemistry
44:51 Arson
46:32 Iron Casting
45:57 Bracer
46:45 Ring Archer Armor
48:00 Conscription
48:27 Ballistics
55:15 Two-Man Saw
55:23 Siege Engineers
55:49 Architecture
58:00 Hoardings
58:28 Murder Holes
58:13 Treadmill Crane
El Coco Loco
0:28 Loom
16:19 Feudal Age
18:30 Wheelbarrow
17:43 Double-Bit Axe
17:46 Horse Collar
25:31 Castle Age
25:56 Forging
25:52 Scale Barding Armor
26:00 Bloodlines
26:42 Bow Saw
26:40 Heavy Plow
27:09 Husbandry
26:30 Light Cavalry
32:53 Hand Cart
36:41 Thumb Ring
40:03 Imperial Age
37:19 Town Watch
37:37 Fletching
37:48 Padded Archer Armor
38:49 Iron Casting
40:07 Chain Barding Armor
39:42 Bodkin Arrow
40:03 Leather Archer Armor
39:51 Nomads
41:08 Town Patrol
42:23 Blast Furnace
41:53 Conscription
41:27 Hussar
43:37 Bracer
43:49 Elite Mangudai
45:05 Hoardings
45:06 Parthian Tactics
46:40 Drill
45:44 Capped Ram
46:49 Ballistics
47:30 Chemistry
46:35 Siege Engineers
46:42 Masonry
46:27 Murder Holes
48:04 Onager
51:47 Siege Onager
57:21 Caravan
58:04 Siege Ram
Lucuman
8:27 Loom
12:29 Feudal Age
16:42 Castle Age
15:58 Double-Bit Axe
16:17 Horse Collar
18:18 Forging
28:42 Bow Saw
28:33 Heavy Plow
33:07 Scale Mail Armor
41:54 Fervor
44:41 Wheelbarrow
43:51 Town Watch
43:33 Pikeman
44:04 Gold Mining
50:11 Imperial Age
48:59 Gold Shaft Mining
48:18 Stone Mining
47:49 Elite Skirmisher
48:55 Malon
49:30 Caravan
49:20 Champi Runner
50:43 Champi Warrior
51:53 Arson
53:22 Elite Champi Warrior
55:06 Ballistics
54:57 Masonry
55:09 Siege Engineers
55:19 Masonry
55:03 Fletching
55:29 Chain Mail Armor
55:56 Conscription
58:37 Chemistry
58:28 Iron Casting
57:49 Bodkin Arrow
57:56 Padded Archer Armor
58:32 Treadmill Crane
60:55 Butalmapu
Connection lost

Rejoining the realm…

Still unreachable

The connection could not be restored.

Session expired

The server has moved on; the page needs a fresh start.